 Dungeon Crawl Stone Soup version 0.21.0-3-g78d12a8 (webtiles) character file.

494 inmateoo the Spear-Bearer (level 7, -10/52 HPs)
             Began as a Merfolk Abyssal Knight on Jan 17, 2018.
             Was a Priest of Lugonu.
             Mangled by an ogre
             ... wielding a +0 giant club
              (25 damage)
             ... on level 4 of the Dungeon.
             The game lasted 00:05:30 (3017 turns).

inmateoo the Spear-Bearer (Merfolk Abyssal Knight)  Turns: 3017, Time: 00:05:31

Health: -10/52     AC:  6    Str: 14    XL:     7   Next: 15%
Magic:  9/9        EV: 11    Int: 12    God:    Lugonu [***...]
Gold:   147        SH:  3    Dex: 13    Spells: 6/6 levels left

rFire    . . .     SeeInvis .   a - +2 spear
rCold    . . .     Gourm    .   f - +0 buckler
rNeg     . . .     Faith    .   n - +0 scale mail
rPois    .         Spirit   .   (no helmet)
rElec    .         Reflect  .   (no cloak)
rCorr    .         Harm     .   (no gloves)
MR       .....                  (no boots)
Stlth    +.........             (no amulet)
HPRegen  0.17/turn              g - ring of wizardry
MPRegen  0.11/turn              i - ring of stealth

@: hasted, very quick
A: change form in water, swift swim, stealthy swim
a: Depart the Abyss, Bend Space, Banish, Renounce Religion


You were on level 4 of the Dungeon.
You worshipped Lugonu.
Lugonu was most pleased with you.
You were not hungry.

You visited 1 branch of the dungeon, and saw 4 of its levels.
You visited the Abyss 1 time.

You collected 147 gold pieces.

Inventory:

Hand Weapons
 a - a +2 spear (weapon)
Armour
 f - a +0 buckler (worn)
 n - a +0 scale mail (worn)
Jewellery
 g - a ring of wizardry (left hand)
 i - a ring of stealth (right hand)
Scrolls
 b - a scroll of enchant armour
 e - 8 scrolls of remove curse
 j - a scroll of enchant weapon
 k - a scroll of teleportation
Potions
 l - a potion of resistance
 m - a potion of degeneration {unknown}
 o - a potion of curing
 p - a potion of cancellation {unknown}
 q - a potion of heal wounds {unknown}
Comestibles
 c - 3 rations


   Skills:
 - Level 3.5 Fighting
 * Level 8.6 Polearms
 - Level 0.9 Armour
 + Level 5.6 Dodging
 + Level 2.8 Invocations


You had 6 spell levels left.
You didn't know any spells.

Dungeon Overview and Level Annotations

Branches:
Dungeon (4/15)
 Temple: D:4-7

Altars:
Hepliaklqana
Nemelex Xobeh
Wu Jian

Shops:
D:4 %

Annotations:
D:3 Grinder


Message History

Found a stone staircase leading down.
You see here 6 gold pieces.
Attack whom?
Press: ? - help, Dir - move target cursor, f - ogre
Aim: an ogre, wielding a giant club You reach to attack!
You puncture the ogre!
The ogre is moderately wounded.
You hit the ogre.
The ogre is heavily wounded.
The ogre hits you with a giant club!!
You puncture the ogre!
The ogre is severely wounded.
Unknown command.
You hit the ogre.
The ogre is severely wounded.
The ogre hits you with a giant club!!
* * * LOW HITPOINT WARNING * * *
Okay, then.
You feel yourself speed up. The ogre hits you with a giant club!!
You die...

.........####.##.###
...##..#...........####
.#.......####.##.#....#
.##..#.#.####.##.#....#
....##.#..............#
....# .......###......#
#...# ......# #.#....#
#...#.......## #.#....#
#.......###..# #@#....#
.......#####.###O####...
..##.............# ...#
..##.....###...#.####
..#
..#..#.....>#.........
......................
..........$###.....(...
...........# #.........
..#...####.. #.........


You could see an ogre.

Vanquished Creatures
  2 ogres (D:4)
  A centaur skeleton (D:4)
  An orc priest (D:4)
  An iguana (D:4)
  3 worker ants (D:4)
  A hound skeleton (D:2)
  3 gnolls (D:3)
  4 adders
  An ooze (D:2)
  3 worms
  2 leopard geckos
  4 orcs
  A ball python (D:2)
  4 giant cockroaches
  7 goblins
  6 hobgoblins
  6 jackals
  7 kobolds
  A quokka (D:3)
  7 bats
  7 frilled lizards
  18 rats
90 creatures vanquished.

Notes
Turn   | Place    | Note
-------+----------+-------------------------------------------
     0 | Abyss:1  | inmateoo the Merfolk Abyssal Knight began the quest for the Orb.
     0 | Abyss:1  | Reached XP level 1. HP: 18/18 MP: 2/2
    36 | Abyss:1  | Noticed a thrashing horror
    37 | D:1      | Escaped the Abyss
    59 | D:1      | Reached * piety under Lugonu
   226 | D:1      | Reached XP level 2. HP: 23/24 MP: 3/3
   549 | D:1      | Reached skill level 4 in Polearms
   587 | D:1      | Reached XP level 3. HP: 29/29 MP: 4/4
   763 | D:1      | Reached ** piety under Lugonu
  1418 | D:2      | Reached skill level 5 in Polearms
  1418 | D:2      | Reached XP level 4. HP: 25/35 MP: 5/5
  1972 | D:2      | Found a faded altar of an unknown god.
  2049 | D:2      | Found a sparkling altar of Nemelex Xobeh.
  2119 | D:3      | Reached skill level 6 in Polearms
  2119 | D:3      | Reached XP level 5. HP: 40/41 MP: 6/6
  2320 | D:3      | Reached *** piety under Lugonu
  2484 | D:3      | Found a hazy altar of Hepliaklqana.
  2671 | D:3      | Noticed Grinder
  2703 | D:4      | Found an ornate altar of the Wu Jian Council.
  2724 | D:4      | Noticed an ogre
  2732 | D:4      | Killed an ogre
  2732 | D:4      | Reached skill level 7 in Polearms
  2732 | D:4      | Reached skill level 5 in Dodging
  2732 | D:4      | Reached XP level 6. HP: 47/47 MP: 7/7
  2749 | D:4      | Found a sparkling altar of Nemelex Xobeh.
  2775 | D:4      | Reached skill level 8 in Polearms
  2783 | D:4      | Reached XP level 7. HP: 26/52 MP: 8/8
  2934 | D:4      | Found Ucsi's Food Shop.
  3017 | D:4      | Mangled by an ogre

Skill      XL: |  1  2  3  4  5  6 |
---------------+-------------------+-----
Polearms       | 4 5 6 7 8 |  8.6
Dodging        | 3 4 5 |  5.6
Fighting       | |  3.5
Armour         | |  0.9
Invocations    | |  2.8

Action                   |  1- 3 |  4- 6 |  7- 9 || total
-------------------------+-------+-------+-------++-------
Melee: Spear             |   164 |   158 |    27 ||   349
Invok: Depart the Abyss  |     1 |       |       ||     1
  Use: Scroll            |     5 |     8 |       ||    13
       Potion            |       |     1 |     1 ||     2
 Stab: Sleeping          |     3 |     2 |       ||     5
  Eat: Chunk             |     2 |     4 |     1 ||     7
Armor: Leather armour    |    31 |     5 |       ||    36
       Scale mail        |       |    11 |     4 ||    15
Dodge: Dodged            |    86 |    48 |     8 ||   142
Block: Buckler           |    15 |    13 |     3 ||    31
